cohdb
Replays
Latest Replays
All Replays
Popular Replays
Top Player Replays
Match Explorer
How It Works
Community
CoH3 Stats
Reddit
Sign in to upload your games and track your stats! →
Sign in with Steam
Jouz 1v1 2
Match 32883326
Overview
Messages
Build Orders
End
Construct Infanterie Kompanie
Kettenkrad Recon Vehicle
MG 42 Machine Gun Team
Grenadier Squad
Grenadier Squad
Grenadier Squad
Construct Luftwaffe Kompanie
Support Elements
Jäger Squad
Wirbelwind Flakpanzer
Jäger Squad
Pioneer Squad
Wirbelwind Flakpanzer
Construct Panzergrenadier Kompanie
Alba Six006
matjouz
0
0
Comments
sign in to comment!
No comments posted yet!